 Dungeon Crawl Stone Soup version 0.26.0-16-gc1dbca0489 (webtiles) character file.

Game seed: 10734093833706458891

82 lastplaneout the Charlatan (level 4, -2/24 HPs)
             Began as a Deep Elf Artificer on Jan 19, 2021.
             Slain by Natasha (6 damage)
             ... on level 2 of the Dungeon.
             The game lasted 00:05:12 (4152 turns).

lastplaneout the Charlatan (Deep Elf Artificer)     Turns: 4152, Time: 00:05:14

Health: -2/24      AC:  3    Str: 10    XL:     4   Next: 21%
Magic:  6/6        EV: 13    Int: 16    God:
Gold:   67         SH:  0    Dex: 21    Spells: 3/3 levels left

rFire    . . .     SeeInvis .   a - +0 club
rCold    . . .     Faith    .   (no shield)
rNeg     . . .     Spirit   .   b - +0 leather armour
rPois    .         Reflect  .   (no helmet)
rElec    .         Harm     .   (no cloak)
rCorr    .         Rampage  .   (no gloves)
Will     .....                  (no boots)
Stlth    ++........             (no amulet)
HPRegen  0.08/turn              k - +6 ring of dexterity
MPRegen  0.10/turn              (no ring)

@: no status effects
A: no striking features
a: no special abilities


You were on level 2 of the Dungeon.
You visited 1 branch of the dungeon, and saw 2 of its levels.

You collected 67 gold pieces.

Inventory:

Hand Weapons
 a - a +0 club (weapon)
Armour
 b - a +0 leather armour (worn)
Jewellery
 k - a +6 ring of dexterity (left hand)
Wands
 c - a wand of flame (9) (quivered)
 d - a wand of enslavement (15)
 e - a wand of random effects (15)
Scrolls
 f - a scroll of magic mapping {unknown}
 i - a scroll of identify {unknown}
 j - a scroll of remove curse {unknown}
Potions
 g - a potion of invisibility {unknown}
 h - a potion of magic {unknown}
 l - a potion of heal wounds {unknown}


   Skills:
 - Level 0.7 Fighting
 - Level 0.7 Armour
 - Level 2.4 Dodging
 - Level 1.2 Stealth
 + Level 5.6 Evocations


You had 3 spell levels left.
You didn't know any spells.
Your spell library was empty.

Dungeon Overview and Level Annotations

Branches:
Dungeon (2/15)

Altars:

Annotations:
D:2 Natasha


Message History

Natasha misses you. Natasha claws you but does no damage.
You miss Natasha. Natasha casts a spell at you. The magic dart hits you!
Natasha casts a spell.
You hit Natasha.
Natasha is moderately wounded.
Natasha casts a spell at you. The magic dart hits you.
The shadow imp gestures at you. Pain shoots through your body!
* * * LOW HITPOINT WARNING * * *
Aiming: Throw Flame
Press: ? - help, Shift-Dir - straight line, f - Natasha
Aim: Natasha, carrying a wand of random effects (19) (moderately wounded, 33% to evade)
The puff of flame hits Natasha!
Natasha is almost dead.
Natasha claws you.
You die...

... ... #.# #.# #.# #.#
#######h# ## #....5.@# #.#
#.#####.# ### #.##.#.......
..# ## #.#.#.##..### #.# #.#
##........######.# ###
#.###.#.#.#.......##.# ##.##
#.#.##........†...#.####.#.##
#.#####.##...#.#.......###.#
#.# #.##..##...#.####.#.##


You could see Natasha and a shadow imp (summoned).

Vanquished Creatures
  Natasha (D:2)
  An ooze (D:1)
  2 dart slugs (D:1)
  2 leopard geckos
  3 giant cockroaches
  6 goblins
  4 hobgoblins
  4 jackals (D:1)
  7 bats
  3 frilled lizards
  6 kobolds
  6 rats
45 creatures vanquished.

Notes
Turn   | Place    | Note
-------+----------+-------------------------------------------
     0 | D:1      | lastplaneout the Deep Elf Artificer began the quest for the
                  | Orb.
     0 | D:1      | Reached XP level 1. HP: 11/11 MP: 3/3
   708 | D:1      | Reached skill level 4 in Evocations
   708 | D:1      | Reached XP level 2. HP: 16/16 MP: 4/4
  1475 | D:1      | Reached XP level 3. HP: 12/20 MP: 5/5
  2201 | D:2      | HP: 1/20 [jackal (2)]
  2893 | D:2      | Reached skill level 5 in Evocations
  3167 | D:2      | Noticed Natasha
  3188 | D:2      | Killed Natasha
  3189 | D:2      | Reached XP level 4. HP: 2/24 MP: 6/6
  3417 | D:2      | HP: 1/24 [leopard gecko (4)]
  4103 | D:2      | Noticed Natasha
  4152 | D:2      | Slain by Natasha

Illustrated notes

Levels and vault maps discovered:
D:1:      dpeg_arrival_connections, layout_loops_ring
D:2:      layout_loops_corners, uniq_jessica, uniq_natasha, uniq_robin

Skill      XL: |  1  2  3 |
---------------+----------+-----
Evocations     | 4 5 |  5.6
Fighting       | |  0.7
Armour         | |  0.7
Dodging        | |  2.4
Stealth        | |  1.2

Action                   |  1- 3 |  4- 6 || total
-------------------------+-------+-------++-------
Melee: Club              |   249 |    29 ||   278
Evoke: Wand              |     2 |     4 ||     6
  Use: Potion            |     1 |       ||     1
 Stab: Sleeping          |     2 |       ||     2
Armor: Leather armour    |   110 |    11 ||   121
Dodge: Dodged            |   263 |    20 ||   283
